 Dungeon Crawl Stone Soup version 0.19-a0-1878-gcbc8a98 (webtiles) character file.

23 PurpleRed the Firebug (level 2, 0/20 HPs)
             Began as a Demigod Fire Elementalist on Oct 13, 2016.
             Slain by a worker ant (7 damage)
             ... on level 4 of the Dungeon.
             The game lasted 00:03:02 (325 turns).

PurpleRed the Firebug (Demigod Fire Elementalist)    Turns: 325, Time: 00:03:03

Health: 0/20       AC:  2    Str: 11    XL:     2   Next: 57%
Magic:  1/7        EV: 12    Int: 19    God:
Gold:   26         SH:  0    Dex: 16    Spells: 2 memorised, 2 levels left

rFire  . . .     SeeInvis .     f - +0 whip
rCold  . . .     Gourm    .     a - +0 robe
rNeg   . . .     Faith    .     (no shield)
rPois  .         Spirit   .     (no helmet)
rElec  .         Dismiss  .     (no cloak)
rCorr  .         Reflect  .     (no gloves)
MR     .....     Harm     .     (no boots)
Stlth  ++........               (no amulet)
                                (no ring)
                                (no ring)

@: no status effects
A: high mp 1
a: no special abilities


You were on level 4 of the Dungeon.
You were not hungry.

You visited 1 branch of the dungeon, and saw 4 of its levels.

You collected 26 gold pieces.

Inventory:

Hand Weapons
 f - a +0 whip (weapon)
Armour
 a - a +0 robe (worn)
Scrolls
 d - a scroll of immolation {unknown}
 e - a scroll of recharging {unknown}
 i - a scroll of identify {unknown}
 k - a scroll of noise {unknown}
 l - a scroll of remove curse {unknown}
Potions
 g - 2 potions of curing {unknown}
Books
 b - a book of Flames

   Spells                             Type                      Level
   a - Flame Tongue                   Conjuration/Fire             1
   b - Throw Flame                    Conjuration/Fire             2
   c - Conjure Flame                  Conjuration/Fire             3
   d - Inner Flame                    Hexes/Fire                   3
   e - Sticky Flame                   Conjuration/Fire             4
   f - Fireball                       Conjuration/Fire             5
Comestibles
 c - a bread ration
 h - a slice of pizza
 j - 3 fruits


   Skills:
 - Level 1.7 Dodging
 - Level 1.7 Stealth
 + Level 2.3 Spellcasting
 + Level 1.3 Conjurations
 + Level 3.0 Fire Magic


You had 2 spell levels left.
You knew the following spells:

 Your Spells              Type           Power        Failure   Level  Hunger
a - Flame Tongue          Conj/Fire      ##...        10%         1    #......
b - Throw Flame           Conj/Fire      ##....       12%         2    ##.....


Dungeon Overview and Level Annotations

Branches:
Dungeon (4/15)
 Temple: D:4-7

Annotations:
D:3 Scattercatt's ghost, amateur HuFE


Innate Abilities, Weirdness & Mutations

You have an increased reservoir of magic. (+10% MP)


Message History

Aiming: Flame Tongue
Press: ? - help, Shift-Dir - straight line, f/p - worker ant
Aim: a worker ant (lightly wounded)
The flame tongue hits the worker ant.
The worker ant is moderately wounded.
Casting: Flame Tongue
Confirm with . or Enter, or press ? or * to list all spells.
Aiming: Flame Tongue
Press: ? - help, Shift-Dir - straight line, f/p - worker ant
Aim: a worker ant (moderately wounded)
The flame tongue hits the worker ant.
The worker ant is heavily wounded.
The worker ant barely misses you.
Casting: Flame Tongue
Confirm with . or Enter, or press ? or * to list all spells.
Aiming: Flame Tongue
Press: ? - help, Shift-Dir - straight line, f/p - worker ant
Aim: a worker ant (heavily wounded)
The flame tongue misses the worker ant.
The worker ant bites you!
You die...

..#####
#......####
#..a@#
#.####.##
#......<#
######†.#
#..# #...
###.. ##


You could see a worker ant.

Vanquished Creatures
  An adder (D:2)
  2 leopard geckos
  A goblin (D:3)
  A hobgoblin (D:3)
  A quokka (D:4)
  3 bats (D:2)
  A frilled lizard (D:2)
  A kobold (D:2)
  2 rats (D:3)
13 creatures vanquished.

Notes
Turn   | Place    | Note
-------+----------+-------------------------------------------
     0 | D:1      | PurpleRed the Demigod Fire Elementalist began the quest for the Orb.
     0 | D:1      | Reached XP level 1. HP: 14/14 MP: 5/5
    22 | D:2      | Reached skill level 1 in Conjurations
    35 | D:2      | Reached XP level 2. HP: 10/20 MP: 0/7
    71 | D:2      | Learned a level 2 spell: Throw Flame
   191 | D:3      | Reached skill level 3 in Fire Magic
   263 | D:3      | Noticed Scattercatt's ghost (amateur HuFE)
   309 | D:3      | Found a shattered altar of Ashenzari.
   325 | D:4      | Slain by a worker ant

Vault maps used:
D:1:      lightli_arrival_flooded_house
D:2:      serial_forest, infiniplex_forest_straight_3,
          infiniplex_forest_lined_room_, infiniplex_forest_lined_room_,
          infiniplex_forest_straight_5
D:3:      overflow_temple_1_default, nicolae_qazlal_general_emergency,
          serial_bayou_pond_a
D:4:      grunt_temple_overflow_open, portal_sewer_entry_a

Skill      XL: |  1  2 |
---------------+-------+-----
Conjurations   | 1 |  1.3
Spellcasting   | 2 |  2.3
Fire Magic     | 3 |  3.0
Dodging        | |  1.7
Stealth        | |  1.7

Action                   || total
-------------------------++-------
Melee: Whip              ||     3
 Cast: Flame Tongue      ||    25
       Throw Flame       ||     1
Armor: Robe              ||     5
Dodge: Dodged            ||     9
